 Dungeon Crawl Stone Soup version 0.28.0-53-g5a82cb258f (webtiles) character file.

Game seed: 5561741765813428462

1479 jottpe the Comforter (level 8, 0/69 (72) HPs)
             Began as a Deep Dwarf Fighter on Aug 17, 2022.
             Was a Follower of Elyvilon.
             Slain by a wight
             ... wielding a +4 long sword of freezing
              (1 damage)
             ... on level 6 of the Dungeon.
             The game lasted 00:29:08 (5303 turns).

jottpe the Comforter (Deep Dwarf Fighter)           Turns: 5303, Time: 00:29:10

HP:   0/69 (72)     AC: 11    Str: 22    XL:     8   Next: 50%
MP:   10/10         EV:  5    Int:  4    God:    Elyvilon [*.....]
Gold: 297           SH: 17    Dex: 26    Spells: 7/7 levels left

rFire   . . .      SeeInvis .   j - +3 trident of the King {vorpal, rPois Int-5 Dex+8 Stlth-}
rCold   . . .      Faith    .   v - +0 tower shield
rNeg    . . .      Spirit   .   g - +0 chain mail
rPois   +          Reflect  .   (no helmet)
rElec   .          Harm     .   s - +0 cloak
rCorr   +          Rampage  .   (no gloves)
Will    +....                   (no boots)
Stlth   ..........              (no amulet)
HPRegen 0.00/turn               e - ring of resist corrosion
MPRegen 0.12/turn               u - +6 ring of dexterity

@: studying Throwing, lightly drained
A: damage resistance, heal wounds, sense surroundings 1, no regeneration
a: Heal Wounds, Renounce Religion, Purification


You were on level 6 of the Dungeon.
You worshipped Elyvilon.
Elyvilon was aware of your devotion.
You visited 1 branch of the dungeon, and saw 6 of its levels.

You collected 297 gold pieces.

Inventory:

Hand Weapons
 a - a +0 war axe
 f - a +2 mace of protection
 j - the +3 trident of the King (weapon) {vorpal, rPois Int-5 Dex+8 Stlth-}
   (You acquired it on level 2 of the Dungeon)

   It inflicts extra damage upon your enemies.
   Int:       It affects your intelligence (-5).
   Dex:       It affects your dexterity (+8).
   rPois:     It protects you from poison.
   Stlth:     It makes you less stealthy.
 r - a +2 hand axe of electrocution
Missiles
 h - 55 sling bullets
 i - 210 stones
 k - 67 arrows
 t - 9 bolts
Armour
 c - a +0 buckler
 g - a +0 chain mail (worn)
 s - a +0 cloak (worn)
 v - a +0 tower shield (worn)
Magical Staves
 x - a staff of death
Jewellery
 e - a ring of resist corrosion (left hand)
 q - a ring of flight
 u - a +6 ring of dexterity (right hand)
 w - a +6 ring of strength
 y - a ring of flight
Wands
 m - a wand of acid (4)
 E - a wand of iceblast (8)
Scrolls
 b - a scroll of noise
 n - a scroll of vulnerability {unknown}
 o - a scroll of immolation {unknown}
 p - a scroll of magic mapping
 B - 2 scrolls of brand weapon {unknown}
 F - a scroll of torment {unknown}
Potions
 d - 2 potions of might
 l - 2 potions of cancellation
 z - a potion of magic {unknown}
 A - 2 potions of berserk rage
 C - a potion of mutation {unknown}
 D - a potion of degeneration {unknown}


   Skills:
 + Level 3.9 Fighting
 + Level 3.6(5.8) Axes
 + Level 5.7(6.1) Polearms
 + Level 5.5 Armour
 + Level 1.3 Dodging
 + Level 0.9 Stealth
 + Level 4.9 Shields
 + Level 5.8 Invocations


You had 7 spell levels left.
You didn't know any spells.
Your spell library contained the following spells:

 Spells                   Type           Power      Damage    Failure   Level
 Ignite Poison            Fire/Tmut/Pois 0%         N/A       100%        3
 Mephitic Cloud           Conj/Pois/Air  0%         N/A       100%        3
 Freezing Cloud           Conj/Ice/Air   0%         6-21      100%        5


Dungeon Overview and Level Annotations

Branches:
Dungeon (6/15)             Temple (0/1) D:6

Altars:
Elyvilon

Shops:
D:1 (


Innate Abilities, Weirdness & Mutations

You are resistant to damage.
You can heal yourself by infusing magical energy.
You passively map a small area around you.
You do not regenerate.


Message History

A wight comes into view. It is wielding a +3 long sword.
You hit the wight but do no damage. You block the wight's attack.
The wight hits you with a +4 long sword of freezing.
* * * LOW HITPOINT WARNING * * *
You feel drained. The wight freezes you. The wight blocks your attack.
You block the wight's attack.
You hit the wight.
The wight is moderately damaged.
The wight hits you with a +4 long sword of freezing!
* * * LOW HITPOINT WARNING * * *
The wight freezes you.
* * * LOW HITPOINT WARNING * * *
You block the wight's attack. The wight hits you but does no damage.
Okay, then.
Okay, then.
You feel much better.
The wight hits you with a +3 long sword.
* * * LOW HITPOINT WARNING * * *
You block the wight's attack.
You hit the wight but do no damage.
The wight is moderately damaged.
You block the wight's attack.
The wight hits you with a +4 long sword of freezing!
* * * LOW HITPOINT WARNING * * *
The wight freezes you.
You closely miss the wight.
The wight is moderately damaged.
The wight hits you with a +3 long sword.
* * * LOW HITPOINT WARNING * * *
You feel drained. You block the wight's attack.
You hit the wight.
The wight is almost destroyed.
You block the wight's attack. x2; The wight hits you but does no damage.
You barely miss the wight.
The wight is almost destroyed.
The wight hits you but does no damage. x2
The wight hits you with a +4 long sword of freezing!
* * * LOW HITPOINT WARNING * * *
You feel drained. The wight freezes you.
You die...

...........##.........#.########.
##.........##............ , #.
.................)....>... , #<
..........####............#, ##
........................... *
###...##.#####....#.########
..................#'#####
..##.....................,
................@z.......
.................z.......
..........#####..........
.........................
#..............##########*
..............## #............##
, , ............## , , ,
...........##,, , , ,


You could see 2 wights.

Vanquished Creatures
  Grinder (D:6)
  An ogre (D:6)
  A centaur (D:6)
  A phantom (D:4)
  3 scorpions (D:4)
  A water moccasin skeleton (D:4)
  A hound (D:4)
  A bullfrog skeleton (D:4)
  2 iguanas
  A hound skeleton (D:4)
  2 adders
  A white imp (D:6)
  2 adder skeletons (D:4)
  A worm (D:2)
  A dart slug (D:4)
  An orc (D:3)
  4 ball pythons
  6 bats
  4 endoplasms
  A giant cockroach (D:4)
  6 goblins
  4 hobgoblins
  7 jackals (D:1)
  4 kobolds
  7 quokkas
  A frilled lizard (D:1)
  5 rats
70 creatures vanquished.

Vanquished Creatures (others)
  A wight (D:6)
  An orc (D:4)
  A giant cockroach (D:4)
  A goblin (D:3)
  A kobold (D:4)
5 creatures vanquished.

Grand Total: 75 creatures vanquished

Notes
Turn   | Place    | Note
-------+----------+-------------------------------------------
     0 | D:1      | jottpe the Deep Dwarf Fighter began the quest for the Orb.
     0 | D:1      | Reached XP level 1. HP: 20/20 MP: 1/1
   100 | D:1      | Reached XP level 2. HP: 25/27 MP: 2/2
   241 | D:1      | Found Gocsis's Weapon Shop.
   340 | D:1      | Found a faded altar of an unknown god.
   400 | D:1      | Reached XP level 3. HP: 10/33 MP: 3/3
   777 | D:1      | Prayed at the altar of an unknown god.
   777 | D:1      | Became a worshipper of Elyvilon the Healer
   777 | D:1      | Reached * piety under Elyvilon
  1062 | D:2      | Reached ** piety under Elyvilon
  1140 | D:2      | Identified a scroll of acquirement
  1140 | D:2      | Acquired the +3 trident of the King {vorpal, rPois Int-5
                  | Dex+8 Stlth-}
  1724 | D:3      | Found a white marble altar of Elyvilon.
  2407 | D:3      | HP: 1/33 [kobold/+0 short sword (2)]
  2481 | D:3      | Reached XP level 4. HP: 34/40 MP: 0/3
  2881 | D:4      | Reached skill level 1 in Polearms
  2921 | D:4      | Reached skill level 1 in Invocations
  2921 | D:4      | Reached XP level 5. HP: 30/48 MP: 3/5
  3186 | D:4      | Noticed a phantom
  3203 | D:4      | Killed a phantom
  3204 | D:4      | Reached skill level 1 in Dodging
  3204 | D:4      | Reached XP level 6. HP: 26/56 MP: 6/6
  3539 | D:5      | Entered Level 5 of the Dungeon
  3540 | D:5      | Noticed an ice beast
  3541 | D:5      | Pacified an ice beast
  3542 | D:5      | Reached XP level 7. HP: 26/62 MP: 5/8
  4696 | D:6      | HP: 3/63 [iguana (5)]
  4735 | D:6      | Noticed Sigmund
  4841 | D:6      | Noticed Grinder
  4845 | D:6      | Paralysed by Grinder for 3 turns
  4855 | D:6      | Killed Grinder
  4856 | D:6      | Reached skill level 5 in Polearms
  4856 | D:6      | Reached XP level 8. HP: 11/72 MP: 7/9
  5015 | D:6      | Pacified Sigmund
  5016 | D:6      | Reached skill level 5 in Armour
  5038 | D:6      | Found a staircase to the Ecumenical Temple.
  5147 | D:6      | Reached skill level 5 in Invocations
  5298 | D:6      | HP: 3/71 [wight/+4 long sword of freezing (8)]
  5303 | D:6      | HP: 1/70 [wight/+4 long sword of freezing (6)]
  5303 | D:6      | Slain by a wight

Illustrated notes

Levels and vault maps discovered:
D:1:      ncdulo_watergridlock, layout_loops_ring,
          hellmonk_ecumenical_altar_leap_of_faith, serial_shops,
          nicolae_shop_hallway_plus, kennysheep_crisscross
D:2:      layout_loops_ring, corexii_corridor_pit
D:3:      minmay_razor_zed, layout_loops_corners, mainiacjoe_overflow_alcove_1
D:4:      kb_forest_paths, layout_loops_ring
D:5:      layout_layer_cave
D:6:      layout_basic, lemuel_temple_firewalk_b, kennysheep_big_empty_room,
          minmay_misc_feat_encased, uniq_sigmund, uniq_grinder

Skill      XL: |  1  2  3  4  5  6  7  8 |
---------------+-------------------------+-----
Axes           | 3 |  3.6
Polearms       | 1 2 3 5 |  5.7
Invocations    | 1 2 4 5 |  5.8
Fighting       | 3 |  3.9
Shields        | 4 |  4.9
Armour         | 4 5 |  5.5
Dodging        | 1 |  1.3
Stealth        | |  0.9

Action                   |  1- 3 |  4- 6 |  7- 9 || total
-------------------------+-------+-------+-------++-------
Melee: War axe           |    98 |       |       ||    98
       Trident           |    21 |    68 |    31 ||   120
Invok: Heal Other        |     4 |     7 |    21 ||    32
 Abil: Heal Wounds       |     1 |       |     2 ||     3
  Use: Scroll            |     5 |       |     3 ||     8
       Potion            |       |     1 |     2 ||     3
Armor: Scale mail        |    63 |       |       ||    63
       Chain mail        |    47 |    25 |    12 ||    84
Dodge: Dodged            |    91 |    32 |     5 ||   128
Block: Buckler           |    43 |     8 |       ||    51
       Tower shield      |       |       |    34 ||    34
